[Event "42nd Olympiad Baku 2016 Women"]
[Site "Baku"]
[Date "2016.09.08"]
[Round "6.7"]
[White "Cosma, Elena-Luminita"]
[Black "Tan, Zhongyi"]
[Result "1/2-1/2"]
[ECO "E16"]
[WhiteElo "2331"]
[BlackElo "2475"]
[Annotator ""]
[PlyCount "64"]
[EventDate "2016.??.??"]
[EventType "team-tourn"]
[EventCountry "AZE"]
[SourceTitle "playchess.com"]
[Source "ChessBase"]
[WhiteTeam "Romania"]
[BlackTeam "China"]
[WhiteTeamCountry "ROU"]
[BlackTeamCountry "CHN"]
[TimeControl "40/5400+30:1800+30"]

1. d4 {(00:00} Nf6 {(00:00} 2. Nf3 {(00:00} e6 {
(00:00} 3. c4 {(00:00} b6 {(01:33} 4. g3 {(00:
00} Bb7 {(00:09} 5. Bg2 {(00:00} Bb4+ {(00:08} 6. Bd2
{(00:11} a5 {(00:05} 7. O-O {(01:05} O-O {(00:
05} 8. Nc3 {(01:58} d6 {(01:24} 9. Rc1 {(01:15} Nbd7 {
(02:31} 10. Bg5 {(04:55} Bxc3 {(00:37} 11. Rxc3 {
(00:08} h6 {(00:17} 12. Bxf6 {(04:10} Nxf6 {(00:
49} 13. Rc1 {(01:52} Qe7 {(01:20} 14. Qc2 {(06:15} Be4
{(00:17} 15. Qc3 {(00:34} Rfe8 {(07:43} 16. Rfd1 {
(03:50} Rad8 {(00:13} 17. Ne1 {(12:45} Bxg2 {(
01:21} 18. Nxg2 {(01:26} e5 {(14:38} 19. dxe5 {(01:32}
dxe5 {(04:26} 20. Ne3 {(01:00} Qe6 {(03:51} 21. Qc2 {
(04:54} g6 {(01:42} 22. Rxd8 {(10:00} Rxd8 {(00:
10} 23. Rd1 {(00:34} Rd4 {(04:09} 24. Rxd4 {(15:59}
exd4 {(00:11} 25. Nd5 {(00:05} Nxd5 {(03:04} 26. cxd5 {
(00:04} Qxd5 {(07:30} 27. Qxc7 {(00:08} Qxa2 {(
00:10} 28. Qxb6 {(03:29} Qb1+ {(00:09} 29. Kg2 {(00:05]
} Qe4+ {(00:03} 30. Kg1 {(00:07} Qb1+ {(03:15} 31. Kg2
{(00:06} Qe4+ {(00:04} 32. Kg1 {(00:17} Qb1+ {(
01:19} 1/2-1/2

[Event "42nd Olympiad Baku 2016 Women"]
[Site "Baku"]
[Date "2016.09.08"]
[Round "6.21"]
[White "Cramling, Pia"]
[Black "Calzetta Ruiz, Monica"]
[Result "1-0"]
[ECO "A48"]
[WhiteElo "2444"]
[BlackElo "2249"]
[Annotator ""]
[PlyCount "91"]
[EventDate "2016.??.??"]
[EventType "team-tourn"]
[EventCountry "AZE"]
[SourceTitle "playchess.com"]
[Source "ChessBase"]
[WhiteTeam "Sweden"]
[BlackTeam "Spain"]
[WhiteTeamCountry "SWE"]
[BlackTeamCountry "ESP"]
[TimeControl "40/5400+30:1800+30"]

1. d4 {(00:00} Nf6 {(00:00} 2. Nf3 {(00:00} g6 {
(00:00} 3. c4 {(00:58} Bg7 {(00:00} 4. Nc3 {(00:
21} O-O {(00:04} 5. e4 {(02:15} d6 {(00:08} 6. h3 {
(05:36} e5 {(00:28} 7. d5 {(00:19} Nh5 {(00:11}
8. g3 {(00:25} f5 {(00:40} 9. exf5 {(01:15} gxf5 {
(00:07} 10. Ng5 {(01:52} Qe8 {(00:07} 11. Be2 {(
00:24} Nf6 {(00:13} 12. Be3 {(01:30} Na6 {(00:35} 13.
Qd2 {(18:10} h6 {(24:55} 14. Nf3 {(03:38} Nc5 {(
00:07} 15. Nh4 {(03:10} Nce4 {(01:19} 16. Nxe4 {(01:56]
} Nxe4 {(00:19} 17. Qc2 {(01:48} c6 {(04:40} 18. g4 {
(13:08} cxd5 {(02:48} 19. cxd5 {(06:19} Qd8 {(
13:35} 20. Nxf5 {(04:02} Qa5+ {(02:13} 21. Kf1 {(01:23]
} Bxf5 {(12:31} 22. gxf5 {(00:06} Nf6 {(00:32} 23. Qb3
{(14:17} Kh8 {(05:27} 24. Rd1 {(00:21} Rf7 {(07:
49} 25. Rg1 {(01:03} Raf8 {(04:43} 26. Rg6 {(00:42}
Ng8 {(00:32} 27. Rxd6 {(01:58} Rxf5 {(00:05} 28. Qc3 {
(04:43} Qa4 {(07:08} 29. Qc4 {(00:29} Qe8 {(01:
01} 30. Bg4 {(04:33} R5f7 {(03:53} 31. Re6 {(01:53}
Qd8 {(00:03} 32. Bh5 {(01:09} Rf5 {(03:11} 33. Qg4 {
(01:33} e4 {(03:42} 34. Rg6 {(03:09} Qe7 {(02:
49} 35. d6 {(01:18} Qe5 {(00:02} 36. Rxg7 {(00:35} Nf6
{(00:49} 37. Qg6 {(00:53} Rxh5 {(00:36} 38. d7 {
(00:36} Rxh3 {(00:34} 39. Qg2 {(00:58} Qh5 {(00:
43} 40. d8=Q {(00:00} Rh1+ {(00:00} 41. Qxh1 {(00:50}
Qxh1+ {(00:19} 42. Rg1 {(01:05} Qh3+ {(01:06} 43. Ke1 {
(00:25} Rxd8 {(00:41} 44. Rxd8+ {(00:08} Kh7 {(
00:05} 45. Bd4 {(10:25} e3 {(08:51} 46. Rh8+ {(01:09}
1-0

[Event "42nd Olympiad Baku 2016 Women"]
[Site "Baku"]
[Date "2016.09.08"]
[Round "6.3"]
[White "de San Vicente, Sabrina"]
[Black "Kabamba Mulwale Bwalya"]
[Result "1-0"]
[ECO "D36"]
[WhiteElo "1670"]
[BlackElo "1683"]
[Annotator ""]
[PlyCount "91"]
[EventDate "2016.??.??"]
[EventType "team-tourn"]
[EventCountry "AZE"]
[SourceTitle "playchess.com"]
[Source "ChessBase"]
[WhiteTeam "Uruguay"]
[BlackTeam "Zambia"]
[WhiteTeamCountry "URU"]
[BlackTeamCountry "ZAM"]
[TimeControl "40/5400+30:1800+30"]

1. d4 {(00:00} e6 {(00:00} 2. c4 {(00:00} d5 {(
00:00} 3. cxd5 {(00:07} exd5 {(00:00} 4. Nc3 {(00:13}
c6 {(00:33} 5. Qc2 {(02:38} Nf6 {(00:30} 6. Bg5 {
(00:24} Be7 {(00:52} 7. e3 {(00:23} Bg4 {(02:48]
} 8. Bd3 {(04:41} Nbd7 {(02:11} 9. Nge2 {(02:49} Qc7 {
(03:52} 10. Bf4 {(07:14} Bd6 {(02:29} 11. O-O {(
04:06} O-O {(01:52} 12. Rab1 {(03:21} Bxe2 {(01:11}
13. Nxe2 {(02:24} Rfe8 {(03:06} 14. Bxd6 {(08:45} Qxd6
{(00:51} 15. h3 {(08:25} Re7 {(01:37} 16. Nc3 {(
04:47} Nf8 {(04:26} 17. b4 {(02:21} b5 {(01:16} 18.
Rfc1 {(12:54} a6 {(02:08} 19. Ne2 {(01:28} Rc7 {
(01:03} 20. a4 {(03:14} Raa7 {(02:17} 21. Nf4 {(
03:04} N8d7 {(02:09} 22. a5 {(06:24} Nb8 {(00:35} 23.
Rb2 {(04:19} Re7 {(01:17} 24. Be2 {(01:41} Rac7 {
(00:33} 25. Nd3 {(00:42} Nfd7 {(00:30} 26. Nc5 {
(00:27} Nxc5 {(00:07} 27. Qxc5 {(00:39} Qxc5 {(
00:37} 28. Rxc5 {(00:30} Kf8 {(01:54} 29. Bg4 {(00:49}
Ke8 {(00:25} 30. Rbc2 {(00:57} Kd8 {(00:40} 31. h4 {
(04:40} g6 {(00:53} 32. Kh2 {(03:58} f5 {(01:35]
} 33. Bf3 {(01:46} Kd7 34. Bxd5 {(01:43} Kd6 {(01:04}
35. Bf3 {(00:35} h5 {(02:05} 36. Kg3 {(00:26} Rg7 {
(03:40} 37. Kf4 {(00:22} Kd7 {(02:31} 38. Ke5 {(
01:52} Re7+ {(01:18} 39. Kf6 {(00:02} Re6+ {(00:14}
40. Kg5 {(00:00} Kd8 {(00:00} 41. Kf4 {(01:48} Rd6 {
(03:16} 42. Ke5 {(02:34} Ke7 {(01:29} 43. Kf4 {(
00:20} Kf6 {(02:57} 44. d5 {(06:08} Nd7 {(02:04} 45.
Rxc6 {(01:55} Rcxc6 {(00:04} 46. dxc6 1-0

[Event "42nd Olympiad Baku 2016 Women"]
[Site "Baku"]
[Date "2016.09.08"]
[Round "6.19"]
[White "Dekic, Biljana N"]
[Black "Johnson, Gabriella"]
[Result "0-1"]
[ECO "B76"]
[WhiteElo "2064"]
[BlackElo "1794"]
[Annotator ""]
[PlyCount "94"]
[EventDate "2016.??.??"]
[EventType "team-tourn"]
[EventCountry "AZE"]
[SourceTitle "playchess.com"]
[Source "ChessBase"]
[WhiteTeam "Australia"]
[BlackTeam "TTO"]
[WhiteTeamCountry "AUS"]
[TimeControl "40/5400+30:1800+30"]

1. e4 {(00:00} c5 {(00:00} 2. Nf3 {(00:00} d6 {(
00:00} 3. d4 {(00:00} cxd4 {(00:00} 4. Nxd4 {(00:00}
Nf6 {(00:02} 5. Nc3 {(00:03} g6 {(00:04} 6. Be3 {
(01:25} Bg7 {(00:06} 7. f3 {(00:14} O-O {(00:07]
} 8. Qd2 {(00:19} Nc6 {(00:08} 9. O-O-O {(00:30} d5 {
(00:18} 10. Kb1 {(13:07} Nxd4 {(07:12} 11. Bxd4 {
(00:54} dxe4 {(02:50} 12. Bxf6 {(03:19} Qxd2 {(
01:48} 13. Rxd2 {(00:03} Bxf6 {(01:21} 14. Nxe4 {(00:
04} Bg7 {(00:52} 15. Bc4 {(00:47} b5 {(02:26} 16. Bxb5
{(09:14} Rb8 {(00:20} 17. c4 {(00:16} a6 {(01:
53} 18. Ba4 {(01:15} Be6 {(00:45} 19. Bb3 {(00:45}
Rfc8 {(01:57} 20. Rc2 {(02:50} a5 {(01:43} 21. Rd1 {
(06:39} Rb4 {(03:09} 22. Rcd2 {(02:12} Be5 {(14:
17} 23. Rd8+ {(03:08} Rxd8 {(00:07} 24. Rxd8+ {(00:03}
Kg7 {(00:07} 25. Ra8 {(00:13} Bxc4 {(01:40} 26. Rxa5 {
(00:26} Bd3+ {(01:28} 27. Ka1 {(09:12} Bxh2 {(
04:53} 28. Nc5 {(08:20} Bc4 {(06:43} 29. Bxc4 {(04:23}
Rxc4 {(00:06} 30. Kb1 {(00:02} Bd6 {(02:11} 31. Nd3 {
(03:50} Rh4 {(01:32} 32. a4 {(05:55} Rh2 {(03:
03} 33. Rd5 {(04:31} Rxg2 {(00:34} 34. a5 {(00:07} h5
{(01:29} 35. a6 {(01:25} h4 {(01:36} 36. a7 {(
18:19} h3 {(00:08} 37. a8=Q {(02:29} h2 {(00:07} 38.
Qa4 {(00:33} h1=Q+ {(00:42} 39. Ka2 {(00:05} Rg1 {
(02:35} 40. Qd4+ {(00:00} Kg8 {(00:00} 41. Ne5 {
(04:14} Ra1+ {(06:05} 42. Kb3 {(00:16} Bxe5 {(
01:26} 43. Rd8+ {(06:53} Kh7 {(00:23} 44. Qxe5 {(00:08]
} Qxf3+ {(00:16} 45. Kb4 {(01:04} Qb7+ {(03:47} 46. Kc3
{(00:29} Qc6+ {(00:52} 47. Kd2 {(02:05} Qc1+ {(
00:26} 0-1

[Event "42nd Olympiad Baku 2016 Women"]
[Site "Baku"]
[Date "2016.09.08"]
[Round "6.11"]
[White "Deng Jing Xin Crystal"]
[Black "Gondwe, Vitumbiko"]
[Result "1-0"]
[ECO "D43"]
[WhiteElo "1625"]
[BlackElo "1407"]
[Annotator ""]
[PlyCount "85"]
[EventDate "2016.??.??"]
[EventType "team-tourn"]
[EventCountry "AZE"]
[SourceTitle "playchess.com"]
[Source "ChessBase"]
[WhiteTeam "Hong Kong"]
[BlackTeam "MAW"]
[WhiteTeamCountry "HKG"]
[TimeControl "40/5400+30:1800+30"]

1. d4 {(00:00} d5 {(00:00} 2. c4 {(00:00} e6 {(
00:00} 3. Nc3 {(00:00} c6 {(01:16} 4. Nf3 {(00:08} Nf6
{(00:12} 5. Bg5 {(00:18} Be7 {(00:12} 6. e3 {(
00:29} O-O {(00:12} 7. Bd3 {(00:21} dxc4 {(00:33} 8.
Bxc4 {(00:21} a6 {(01:11} 9. a4 {(02:59} Nbd7 {(
06:04} 10. O-O {(01:10} h6 {(00:04} 11. Bh4 {(00:23}
Nb6 {(02:49} 12. Bd3 {(02:26} g6 {(05:03} 13. Ne5 {
(07:41} Nbd5 {(02:29} 14. Qf3 {(10:50} Nh5 {(05:
31} 15. Bxe7 {(02:19} Qxe7 {(00:10} 16. Ne4 {(03:44}
Ndf6 {(06:59} 17. Nc5 {(02:10} Qc7 {(06:07} 18. g4 {
(04:16} Nxg4 {(01:15} 19. Qxg4 {(01:42} Nf6 {(
04:04} 20. Qf4 {(02:14} Qe7 {(02:42} 21. Kh1 b6 {(02:
36} 22. Ne4 {(09:57} Nh5 23. Qg4 {(09:00} Kh7 {(09:19}
24. Rg1 {(03:18} Rg8 {(00:50} 25. Nxc6 {(03:10} Qc7 {
(01:06} 26. Qxh5 {(03:46} Qxc6 {(05:35} 27. Qf3 {
(00:38} Kg7 {(06:31} 28. Rac1 {(02:52} Qd5 {(00:
42} 29. Qf6+ {(01:54} Kf8 {(01:54} 30. Rc7 {(01:14}
Bd7 {(00:12} 31. f3 {(02:15} Re8 {(02:46} 32. Bc4 {
(00:45} Qh5 {(05:03} 33. Rxd7 {(00:54} Rg7 {(00:
12} 34. Nd6 {(00:38} g5 {(08:55} 35. Nxe8 {(01:32} Qg6
{(03:07} 36. Qxg7+ Qxg7 {(00:16} 37. Nxg7 {(00:39} Kxg7
{(00:12} 38. Bxe6 {(00:02} Kg6 {(02:03} 39. Rxf7 {
(00:10} b5 {(01:16} 40. f4 {(00:00} bxa4 {(00:
00} 41. f5+ {(01:08} Kh5 {(01:03} 42. Rh7 {(00:54} a5
{(00:27} 43. Bf7+ {(00:05} 1-0

[Event "42nd Olympiad Baku 2016 Women"]
[Site "Baku"]
[Date "2016.09.08"]
[Round "6.11"]
[White "Di Benedetto, Desiree"]
[Black "Hagesather, Ellen"]
[Result "1-0"]
[ECO "E67"]
[WhiteElo "2183"]
[BlackElo "2139"]
[Annotator ""]
[PlyCount "87"]
[EventDate "2016.??.??"]
[EventType "team-tourn"]
[EventCountry "AZE"]
[SourceTitle "playchess.com"]
[Source "ChessBase"]
[WhiteTeam "Italy"]
[BlackTeam "Norway"]
[WhiteTeamCountry "ITA"]
[BlackTeamCountry "NOR"]
[TimeControl "40/5400+30:1800+30"]

1. Nf3 {(00:00} Nf6 {(00:00} 2. c4 {(00:00} g6 {
(00:00} 3. g3 {(00:21} Bg7 {(00:09} 4. Bg2 {(00:
17} d6 {(00:54} 5. d4 {(00:17} Nbd7 {(00:38} 6. Nc3 {
(01:48} O-O {(01:44} 7. O-O {(00:10} e5 {(00:50]
} 8. dxe5 {(01:38} dxe5 {(01:40} 9. h3 {(03:04} c6 {
(01:45} 10. Be3 {(01:43} Qe7 {(03:05} 11. Qb3 {(
02:16} Re8 {(02:50} 12. Rfd1 {(02:22} Bf8 {(03:28} 13.
Rab1 {(10:28} Nc5 {(04:12} 14. Qa3 {(01:56} Bf5 {
(00:55} 15. Rbc1 {(00:53} Nfd7 {(02:57} 16. g4 {
(23:08} Be6 {(01:10} 17. b4 {(10:26} Na6 {(01:
23} 18. c5 {(00:34} f6 {(12:42} 19. Qb2 {(12:24} Nc7 {
(04:57} 20. Bd2 {(05:19} a5 {(05:43} 21. a3 {(
00:48} axb4 {(00:58} 22. axb4 {(00:00} b6 {(02:08} 23.
Ne1 {(07:04} bxc5 {(07:41} 24. Bxc6 {(00:40} cxb4 {
(03:05} 25. Ne4 {(02:16} Nd5 {(10:01} 26. Bxa8 {
(01:14} Rxa8 {(00:23} 27. Nd3 {(06:33} Rb8 {(06:
29} 28. Nec5 {(01:45} Nxc5 {(00:59} 29. Nxc5 {(00:09}
Rb5 {(07:06} 30. Nxe6 {(02:58} Qxe6 {(00:07} 31. Qb3 {
(00:43} f5 {(03:25} 32. gxf5 {(01:02} gxf5 {(00:
34} 33. Kh1 {(00:35} Nf4 {(05:11} 34. Rg1+ {(00:52}
Kf7 {(02:06} 35. Rc7+ {(00:33} Be7 {(01:17} 36. Qg3 {
(00:32} Ng6 {(02:16} 37. Bg5 {(00:45} Ke8 {(01:
54} 38. Bxe7 {(00:27} Nxe7 {(00:08} 39. Qg7 {(00:35}
Kd8 {(01:33} 40. Rxe7 {(00:00} Qxe7 {(00:00} 41. Rd1+ {
(01:07} Ke8 {(01:06} 42. Qg8+ {(00:23} Qf8 {(00:
16} 43. Qe6+ {(00:20} Qe7 {(00:15} 44. Qc6+ {(00:13}
1-0

[Event "42nd Olympiad Baku 2016 Women"]
[Site "Baku"]
[Date "2016.09.08"]
[Round "6.29"]
[White "Diaz, Maria M A"]
[Black "Mendieta, Kathya"]
[Result "0-1"]
[ECO "E61"]
[WhiteElo "1928"]
[BlackElo "1943"]
[Annotator ""]
[PlyCount "90"]
[EventDate "2016.??.??"]
[EventType "team-tourn"]
[EventCountry "AZE"]
[SourceTitle "playchess.com"]
[Source "ChessBase"]
[WhiteTeam "ARU"]
[BlackTeam "Nicaragua"]
[BlackTeamCountry "NCA"]
[TimeControl "40/5400+30:1800+30"]

1. d4 {(00:00} Nf6 {(00:09} 2. c4 {(00:15} g6 {(
00:34} 3. Nc3 {(00:09} Bg7 {(00:08} 4. Nf3 {(00:41} d6
{(00:21} 5. e4 {(01:28} O-O {(01:05} 6. h3 {(00:
27} e5 {(01:41} 7. Be3 {(02:17} Nc6 {(02:04} 8. Be2 {
(02:38} exd4 {(07:25} 9. Nxd4 {(00:52} Re8 {(00:
59} 10. Nxc6 {(12:18} bxc6 {(00:07} 11. Qc2 {(00:40}
Qe7 {(07:32} 12. Bf3 {(04:01} Nd7 {(06:24} 13. O-O {
(08:28} Ne5 {(06:10} 14. Be2 {(01:13} Qh4 {(04:
48} 15. f4 {(03:55} Bh6 {(04:43} 16. Qc1 {(12:27} Qg3
{(07:47} 17. Bf2 {(01:10} Qxf4 {(00:32} 18. Qxf4 {
(08:22} Bxf4 {(00:02} 19. Bxa7 {(00:14} Bh6 {(
02:55} 20. Bf2 {(03:43} Be6 {(01:41} 21. b3 {(04:55}
Ra3 {(03:19} 22. Nb1 {(03:18} Ra5 {(01:04} 23. Be1 {
(00:22} Be3+ {(00:15} 24. Kh1 {(02:04} Ra6 {(00:
52} 25. Bc3 {(05:24} Rea8 {(00:24} 26. a3 {(02:31} Rb6
{(01:55} 27. Bxe5 {(02:34} dxe5 {(00:01} 28. Bd1 {
(04:40} Bd4 {(00:20} 29. Ra2 {(00:05} Bxc4 {(00:
33} 30. Rf3 {(03:16} Be6 {(02:26} 31. Nd2 {(01:16} f5
{(10:17} 32. Bc2 {(01:14} f4 {(02:15} 33. Bd1 {(
02:28} Be3 {(03:17} 34. Be2 {(05:38} Rd8 {(03:13} 35.
Nc4 {(00:34} Bxc4 {(00:25} 36. Bxc4+ {(00:04} Kg7 {
(00:06} 37. Rf1 {(00:12} Rd4 {(00:32} 38. a4 {(
00:16} Rxe4 {(00:49} 39. a5 {(01:11} Rb8 {(00:00} 40.
Rd1 {(00:00} Rd4 {(00:00} 41. Rxd4 {(06:51} Bxd4 {
(00:15} 42. a6 {(00:10} Kf6 {(04:09} 43. Kh2 {(
07:15} h5 {(01:11} 44. a7 {(03:07} Ra8 {(00:28} 45.
Ra6 {(00:08} Bb6 0-1

[Event "42nd Olympiad Baku 2016 Women"]
[Site "Baku"]
[Date "2016.09.08"]
[Round "6.10"]
[White "Dolzhikova, Olga"]
[Black "Movileanu, Daniela"]
[Result "1-0"]
[ECO "B51"]
[WhiteElo "2167"]
[BlackElo "2268"]
[Annotator ""]
[PlyCount "107"]
[EventDate "2016.??.??"]
[EventType "team-tourn"]
[EventCountry "AZE"]
[SourceTitle "playchess.com"]
[Source "ChessBase"]
[WhiteTeam "Norway"]
[BlackTeam "Italy"]
[WhiteTeamCountry "NOR"]
[BlackTeamCountry "ITA"]
[TimeControl "40/5400+30:1800+30"]

1. e4 {(00:00} c5 {(00:00} 2. Nf3 {(00:00} d6 {(
00:00} 3. Bb5+ {(00:11} Nd7 {(00:16} 4. d4 {(00:38}
cxd4 {(00:20} 5. Qxd4 {(00:17} a6 {(01:31} 6. Bxd7+ {
(00:39} Bxd7 {(00:06} 7. Bg5 {(00:29} h6 {(01:
17} 8. Bh4 {(00:21} Rc8 {(04:28} 9. O-O {(01:32} Qa5 {
(02:15} 10. e5 {(05:23} d5 {(09:33} 11. b4 {(07:
49} Qc7 {(03:39} 12. Qxd5 {(04:57} e6 {(02:17} 13. Qd4
{(15:13} g5 {(04:32} 14. Bg3 {(00:37} Qxc2 {(04:
17} 15. Nbd2 {(14:20} Bb5 {(12:11} 16. Rfd1 {(14:15}
Rd8 {(16:27} 17. Qb6 {(01:47} Qc6 {(02:47} 18. Qxc6+ {
(10:37} Bxc6 {(00:08} 19. Nc4 {(06:17} Rxd1+ {(
09:30} 20. Rxd1 {(00:05} Bxb4 {(00:22} 21. h4 {(03:44}
g4 {(11:04} 22. Nd4 {(00:13} Bd5 {(00:48} 23. Nd6+ {
(01:42} Kf8 {(05:46} 24. h5 {(02:31} Ne7 {(03:
27} 25. Bh4 {(00:48} Bc5 {(01:09} 26. Bf6 {(02:22} Rh7
{(00:06} 27. Nb3 {(01:32} Bb4 {(01:09} 28. Nxb7 {
(01:17} Nc6 {(00:32} 29. N3c5 {(01:09} Bc3 {(02:
39} 30. Rc1 {(00:51} Bd4 {(00:39} 31. Nd3 {(01:38} Ke8
{(00:35} 32. Nbc5 {(00:27} g3 {(00:15} 33. Nxa6 {
(00:50} gxf2+ {(00:17} 34. Kf1 {(01:21} Be3 {(
01:04} 35. Rc2 {(00:40} Be4 {(00:15} 36. Nab4 {(00:47}
Nxb4 {(01:37} 37. Rc8+ {(00:10} Kd7 {(00:01} 38. Rd8+ {
(00:05} Kc7 {(00:04} 39. Nxb4 {(00:10} Bb6 {(01:
25} 40. Rd1 {(00:00} Kc8 {(00:00} 41. Nd3 {(05:20} Bd5
{(02:56} 42. a3 {(01:49} Bd8 {(04:25} 43. Rc1+ {
(02:48} Kd7 {(00:07} 44. Nc5+ {(01:53} Ke8 {(00:
04} 45. Rb1 {(04:46} Bxf6 {(01:42} 46. exf6 {(00:09}
Kd8 {(00:01} 47. Rb8+ {(04:54} Kc7 {(00:06} 48. Rf8 {
(03:58} Kd6 {(07:16} 49. Rc8 {(00:40} Ke5 {(01:
59} 50. Nd7+ {(01:37} Kf5 {(00:19} 51. Kxf2 {(00:25}
Kg4 {(02:08} 52. Rg8+ {(00:30} Kxh5 {(02:57} 53. Nf8 {
(00:22} Be4 {(00:06} 54. a4 {(01:09} 1-0

[Event "42nd Olympiad Baku 2016 Women"]
[Site "Baku"]
[Date "2016.09.08"]
[Round "6.4"]
[White "Drljevic, Ljilja"]
[Black "Keetman, Maaike"]
[Result "1-0"]
[ECO "B40"]
[WhiteElo "2207"]
[BlackElo "2221"]
[Annotator ""]
[PlyCount "97"]
[EventDate "2016.??.??"]
[EventType "team-tourn"]
[EventCountry "AZE"]
[SourceTitle "playchess.com"]
[Source "ChessBase"]
[WhiteTeam "Serbia"]
[BlackTeam "Netherlands"]
[WhiteTeamCountry "SRB"]
[BlackTeamCountry "NED"]
[TimeControl "40/5400+30:1800+30"]

1. e4 {(00:00} c5 {(00:00} 2. Nf3 {(00:00} e6 {(
00:00} 3. b3 {(00:00} b6 {(01:15} 4. d4 {(00:00} cxd4
{(00:25} 5. Nxd4 {(00:02} Bb7 {(01:07} 6. Nb5 {(
01:37} d5 {(24:45} 7. exd5 {(20:31} a6 {(01:49} 8.
N5c3 {(23:54} exd5 {(00:36} 9. Qe2+ {(01:54} Be7 {
(03:25} 10. Nd2 {(11:10} Nf6 {(03:01} 11. Ba3 {(
02:35} Nc6 {(01:22} 12. O-O-O {(02:10} O-O {(02:11}
13. Bxe7 {(00:25} Nxe7 {(00:48} 14. Nde4 {(01:18} Nxe4
{(08:16} 15. Nxe4 {(00:05} Qc7 {(00:09} 16. Ng5 {
(01:41} a5 {(07:29} 17. Kb1 {(11:18} h6 {(03:17]
} 18. Nf3 {(00:55} a4 {(01:46} 19. Nd4 {(04:13} Rfe8 {
(11:58} 20. Qd2 {(00:18} axb3 {(10:50} 21. cxb3 {
(00:25} Ra5 {(01:30} 22. Bb5 {(02:34} Rea8 {(01:
15} 23. a4 {(05:29} Qd6 {(04:37} 24. Rhe1 {(01:40} Ba6
{(04:08} 25. Re3 {(02:54} Bxb5 {(01:47} 26. Nxb5 {
(00:12} Qg6+ {(00:12} 27. Qd3 {(00:31} Qf6 {(02:
56} 28. Rde1 {(01:33} Ng6 {(01:01} 29. f3 {(02:23} Qc6
{(01:22} 30. g3 {(00:35} Rc8 {(00:31} 31. Qf5 {(
01:41} Raa8 {(00:54} 32. h4 {(00:27} Re8 {(00:25} 33.
h5 {(00:30} Nf8 {(00:12} 34. Re7 {(01:16} Rxe7 {
(01:01} 35. Rxe7 {(00:04} Qf6 {(00:27} 36. Qxf6 {
(00:46} gxf6 {(00:01} 37. Nd4 {(00:38} Rc8 {(00:
26} 38. Kb2 {(00:15} Rd8 {(00:33} 39. Kc3 {(00:50} Nd7
{(00:50} 40. Nc6 {(00:00} Rc8 {(00:00} 41. Rxd7 {
(00:35} Rxc6+ {(00:13} 42. Kd4 {(01:07} Rc1 {(
00:45} 43. Rxd5 {(01:34} Rd1+ {(00:43} 44. Kc4 {(01:14]
} Rc1+ {(00:38} 45. Kb5 {(01:41} Rc3 {(00:08} 46. b4 {
(00:03} Ra3 {(00:29} 47. Rf5 {(02:58} Kg7 {(00:
14} 48. Kxb6 {(01:05} Rxa4 {(00:09} 49. b5 {(00:13}
1-0

[Event "42nd Olympiad Baku 2016 Women"]
[Site "Baku"]
[Date "2016.09.08"]
[Round "6.27"]
[White "Durno, Joy"]
[Black "Ramirez Gonzalez, Maria Jose"]
[Result "0-1"]
[ECO "D37"]
[WhiteElo "1894"]
[BlackElo "1859"]
[Annotator ""]
[PlyCount "91"]
[EventDate "2016.??.??"]
[EventType "team-tourn"]
[EventCountry "AZE"]
[SourceTitle "playchess.com"]
[Source "ChessBase"]
[WhiteTeam "Scotland"]
[BlackTeam "Costa Rica"]
[WhiteTeamCountry "SCO"]
[BlackTeamCountry "CRI"]
[TimeControl "40/5400+30:1800+30"]

1. d4 {(00:00} d5 {(00:00} 2. c4 {(00:00} e6 {(
00:00} 3. Nf3 {(00:00} Nf6 {(00:00} 4. Nc3 {(08:12}
Be7 {(00:02} 5. e3 {(00:27} b6 {(01:33} 6. cxd5 {
(04:35} exd5 {(00:36} 7. Bd3 {(01:04} Bb7 {(01:
50} 8. Qa4+ {(05:44} Nbd7 {(03:38} 9. Ne5 {(03:08} c5
{(23:10} 10. Nc6 {(14:45} Bxc6 {(01:35} 11. Qxc6 {
(00:06} Qc8 {(06:55} 12. Qxc8+ {(01:21} Rxc8 {(
00:16} 13. Bf5 {(03:45} g6 {(07:05} 14. Bh3 {(07:37}
cxd4 {(03:18} 15. exd4 {(00:07} Bb4 {(00:53} 16. Bd2 {
(00:22} Rc4 {(03:17} 17. Nb5 {(07:33} Bxd2+ {(
01:33} 18. Kxd2 {(00:04} Ne4+ {(00:20} 19. Ke3 {(00:30]
} Ke7 {(23:13} 20. f3 {(05:53} Ng5 {(03:50} 21. Bxd7 {
(01:49} Kxd7 {(00:01} 22. Rac1 {(11:46} Rhc8 {(
01:48} 23. Rxc4 {(00:31} Rxc4 {(00:20} 24. Rd1 {(03:34]
} Rb4 {(02:21} 25. Nxa7 {(04:06} Rxb2 {(01:04} 26. Rd2
{(00:03} Rxd2 {(05:02} 27. Kxd2 {(00:02} Ne6 {(
00:10} 28. Nb5 {(00:14} Kc6 {(00:39} 29. a4 {(00:13}
f6 {(01:40} 30. Ke3 {(01:51} Kb7 {(01:17} 31. h4 {
(04:14} f5 {(00:55} 32. g3 {(00:55} Kc6 {(00:56]
} 33. Nc3 {(01:49} h6 {(01:02} 34. Ne2 {(00:28} g5 {
(02:01} 35. h5 {(03:44} Ng7 {(02:21} 36. g4 {(
00:11} f4+ {(00:07} 37. Kd3 {(01:02} Ne6 {(00:12} 38.
Kc3 {(01:02} Kb7 {(01:21} 39. Nc1 {(02:00} Ka6 {
(00:41} 40. Nd3 {(00:00} Ka5 {(00:00} 41. Nb4 {(
03:53} Nxd4 {(09:15} 42. Nxd5 {(07:49} Nxf3 {(00:26}
43. Kb3 {(04:30} Ne5 {(00:22} 44. Kc3 {(05:52} Nxg4 {
(01:22} 45. Kd3 {(00:12} Ne3 {(02:59} 46. Kd4 0-1